AoeStats
← Ux'Olkan

Nomad

509961663Analyzed
4v4 RM · 17d ago on Sep 28, 2026· 50m 39s· 8 players
Game mode
Random Map
Map size
231×231
Population
200
Speed
Normal
Resources
Standard
Victory
Conquest
Starting age
Dark Age
Ending age
Imperial Age
RankedLock teamsTeams togetherTeam positionsShared explorationLock speedFull tech treeHidden civsTurbo modeCheats
Victory
Defeat
🇧🇪 Persians · Belgium
1443
+17
🇹🇷 Mongols · Türkiye
1422
+18
🇭🇰 Varangians · Hong Kong SAR China
1419
+18
🇨🇴 Goths · Colombia
1408
+19
vs
🇪🇸 Danes · Spain
1574
-22
🇪🇸 Vikings · Spain
1477
-18
🇩🇪 Spanish · Germany
1448
-17
🇪🇸 Vietnamese · Spain
1390
-15
Whop
12:13 Feudal Age
13:00 Double-Bit Axe
13:30 Fishing Lines
18:13 Castle Age
16:51 Town Watch
19:38 Scale Barding Armor
19:43 Forging
20:49 Horse Collar
25:45 Padded Archer Armor
25:36 Fletching
25:53 Gold Mining
26:39 Husbandry
26:54 Bloodlines
28:06 Wheelbarrow
28:04 Bodkin Arrow
28:18 Heavy Plow
29:32 Hand Cart
30:20 Chain Barding Armor
32:49 Iron Casting
35:29 Imperial Age
33:59 Stone Mining
34:44 Gold Shaft Mining
34:27 Bow Saw
36:14 Stone Shaft Mining
37:08 Plate Barding Armor
35:55 Elite War Elephant
37:41 Blast Furnace
36:42 Light Cavalry
38:43 Two-Man Saw
37:49 Hussar
40:44 Heavy Camel Rider
king00005
10:24 Loom
12:49 Feudal Age
16:51 Castle Age
15:46 Double-Bit Axe
18:11 Fletching
19:03 Bodkin Arrow
19:18 Forging
21:25 Scale Barding Armor
21:35 Bloodlines
26:47 Scale Barding Armor
28:45 Horse Collar
32:29 Bow Saw
32:57 Forging
37:06 Wheelbarrow
37:55 Husbandry
39:52 Chain Barding Armor
41:32 Iron Casting
46:00 Imperial Age
43:50 Hand Cart
43:50 Hand Cart
44:34 Heavy Plow
45:15 Gold Mining
45:16 Stone Mining
46:04 Elite Jarl
46:38 Elite Jarl
48:56 Blast Furnace
48:32 Plate Barding Armor
49:58 Conscription
KhanShinnok
5:42 Loom
14:48 Feudal Age
20:10 Forging
20:05 Scale Barding Armor
26:06 Castle Age
44:16 Horse Collar
46:12 Double-Bit Axe
46:31 Heavy Plow
46:29 Gold Mining
46:29 Stone Mining
46:37 Stone Mining
47:24 Wheelbarrow
49:08 Bow Saw
53:38 Imperial Age
Morlhaw
3:54 Loom
13:29 Feudal Age
14:47 Double-Bit Axe
15:35 Town Watch
20:01 Castle Age
19:08 Fletching
22:00 Wheelbarrow
23:37 Hand Cart
24:16 Bow Saw
24:05 Horse Collar
26:49 Town Patrol
28:34 Heavy Plow
29:47 Gold Mining
38:00 Imperial Age
36:18 Stone Mining
38:08 Capped Ram
39:33 Scale Mail Armor
39:43 Forging
40:43 Chain Mail Armor
41:18 Conscription
41:28 Anarchy
42:39 Chemistry
42:17 Squires
44:33 Padded Archer Armor
44:29 Bodkin Arrow
48:21 Iron Casting
47:46 Bracer
48:03 Leather Archer Armor
48:56 Elite Huskarl
Ux'DonChauron
5:51 Loom
11:15 Feudal Age
11:23 Man-at-Arms
12:20 Fishing Lines
15:44 Arson
17:22 Fletching
22:21 Castle Age
21:00 Scale Mail Armor
21:27 Gold Mining
21:53 Forging
22:34 Crossbowman
23:10 Bodkin Arrow
22:45 Long Swordsman
24:49 Gillnets
27:49 Gambesons
28:11 Horse Collar
29:23 Medium Warships
30:15 Wheelbarrow
29:26 Town Watch
31:11 Squires
32:29 Chain Mail Armor
34:03 Gold Shaft Mining
34:24 Pikeman
36:04 Stone Mining
37:38 Hand Cart
40:17 Imperial Age
38:09 Thumb Ring
38:55 Iron Casting
39:17 Stone Shaft Mining
39:47 Masonry
40:21 Heavy Plow
40:09 Double-Bit Axe
41:01 Sanctity
40:51 Fervor
40:22 Elite Varangian Guard
41:52 Plate Mail Armor
41:20 Capped Ram
42:35 Conscription
41:58 Halberdier
44:32 Hoardings
45:33 Chemistry
45:11 Elite Skirmisher
45:56 Thumb Ring
46:13 Bracer
46:17 Padded Archer Armor
46:46 Imperial Skirmisher
47:53 Leather Archer Armor
Ux'Tycho0201
8:38 Loom
13:48 Feudal Age
17:30 Castle Age
16:57 Fletching
18:13 Double-Bit Axe
18:17 Horse Collar
19:14 Town Watch
19:34 Bodkin Arrow
24:07 Wheelbarrow
23:18 Town Watch
26:08 Bow Saw
25:59 Heavy Plow
27:09 Ballistics
28:41 Hand Cart
28:42 Scale Barding Armor
29:12 Gold Mining
32:31 Hand Cart
33:28 Bloodlines
33:18 Husbandry
34:35 Chatras
35:18 Chain Barding Armor
35:09 Forging
37:07 Stone Mining
41:46 Imperial Age
40:19 Forging
41:38 Sanctity
40:49 Light Cavalry
42:03 Elite Battle Elephant
42:51 Murder Holes
43:08 Masonry
43:45 Plate Barding Armor
45:37 Block Printing
45:48 Illumination
45:58 Scale Mail Armor
46:33 Iron Casting
50:02 Chain Mail Armor
49:30 Elite Fire Lancer
Ux'Olkan
4:20 Loom
13:13 Feudal Age
17:29 Castle Age
18:19 Fletching
Ux'TheNovack
4:03 Loom
12:16 Feudal Age
12:52 Double-Bit Axe
16:08 Fletching
24:37 Castle Age
24:53 Crossbowman
25:34 Bodkin Arrow
25:52 Town Watch
28:11 Gold Mining
28:11 Horse Collar
28:25 Stone Mining
40:39 Imperial Age
40:05 Gold Shaft Mining
42:25 Chemistry
42:02 Arbalester
43:00 Bracer
45:22 Ballistics
44:30 Arbalester
48:18 Conscription
Connection lost

Rejoining the realm…

Still unreachable

The connection could not be restored.

Session expired

The server has moved on; the page needs a fresh start.